 Dungeon Crawl Stone Soup version 0.26-b1-32-g5d43845318 (webtiles) character file.

Game seed: 9597017687782616053

409 Borgoz the Cudgeller (level 6, -7/38 HPs)
             Began as a Gargoyle Gladiator on Jan 10, 2021.
             Mangled by an ogre
             ... wielding a +0 giant club
              (20 damage)
             ... on level 4 of the Dungeon.
             The game lasted 00:04:22 (3355 turns).

Borgoz the Cudgeller (Gargoyle Gladiator)           Turns: 3355, Time: 00:04:23

Health: -7/38      AC: 11    Str: 18    XL:     6   Next: 89%
Magic:  6/6        EV: 16    Int:  8    God:
Gold:   245        SH:  0    Dex: 13    Spells: 5/5 levels left

rFire    . . .     SeeInvis .   a - +0 flail
rCold    + . .     Faith    .   (no shield)
rNeg     + . .     Spirit   .   r - +0 ring mail
rPois    ∞         Reflect  .   c - +0 helmet
rElec    +         Harm     .   (no cloak)
rCorr    .         Rampage  .   (no gloves)
Will     .....                  (no boots)
Stlth    +.........             (no amulet)
HPRegen  0.12/turn              u - ring of protection from cold
MPRegen  0.10/turn              t - +4 ring of evasion (curse)

@: no status effects
A: negative energy resistance 1, electricity resistance, unbreathing,
petrification resistance, miasma immunity, AC +4
a: no special abilities


You were on level 4 of the Dungeon.
You visited 1 branch of the dungeon, and saw 4 of its levels.

You collected 245 gold pieces.

Inventory:

Hand Weapons
 a - a +0 flail (weapon)
Armour
 c - a +0 helmet (worn)
 r - a +0 ring mail (worn)
Jewellery
 g - an uncursed ring of resist corrosion
 p - an uncursed ring of wizardry
 t - a cursed +4 ring of evasion (right hand)
 u - a ring of protection from cold (left hand)
Scrolls
 b - 2 scrolls of magic mapping {unknown}
 e - a scroll of fear {unknown}
 f - a scroll of amnesia {unknown}
 h - a scroll of blinking {unknown}
 j - 9 scrolls of identify {unknown}
 k - 2 scrolls of teleportation {unknown}
 l - 4 scrolls of remove curse {unknown}
 m - a scroll of noise {unknown}
 s - 4 scrolls of enchant weapon {unknown}
 w - a scroll of fog {unknown}
Potions
 i - 2 potions of lignification {unknown}
 n - a potion of might {unknown}
 o - a potion of magic {unknown}
 q - 3 potions of degeneration {unknown}
 v - a potion of resistance {unknown}
 x - a potion of invisibility {unknown}


   Skills:
 + Level 3.7 Fighting
 * Level 4.9 Maces & Flails
 - Level 1.7 Throwing
 + Level 2.7 Armour
 * Level 4.0 Dodging


You had 5 spell levels left.
You didn't know any spells.
Your spell library was empty.

Dungeon Overview and Level Annotations

Branches:
Dungeon (4/15)
 Temple: D:4-7

Altars:
Hepliaklqana
Kikubaaqudgha
Makhleb
Uskayaw
The Shining One


Innate Abilities, Weirdness & Mutations

You are resistant to torment.
Your stone body is resilient. (AC +4)
You are immune to poison.
You resist negative energy. (rN+)
You are resistant to electric shocks. (rElec)
You can survive without breathing.
You are immune to petrification.
You are immune to miasma.


Message History

You hit the ogre.
The ogre is lightly wounded.
The ogre struggles against the net.
You sock the ogre!
The ogre is moderately wounded.
The ogre struggles against the net.
You hit the ogre.
The ogre is moderately wounded.
The ogre struggles against the net.
You hit the ogre but do no damage.
The ogre is moderately wounded.
The ogre struggles against the net.
The net rips apart, and the ogre comes free!
Unknown command.
Okay, then.
You barely miss the ogre.
The ogre is moderately wounded.
The ogre hits you with a +0 giant club!!
Ouch! That really hurt!
You die...

....#............#
#.# ###
.....#..........##
.....##.........#
#....#####.##.###
#....# ###....##
...............# .
.........# ##..#
.........###....#
..........@O..(#
...........(..#...
.......#.#.#.#.#
.......####.#.#/#
...... #....
###### .#..? # ###


You could see an ogre.

Vanquished Creatures
  A crimson imp (D:4)
  A hound (D:3)
  3 worker ants
  2 orc wizards (D:4)
  3 gnolls
  10 adders
  An ooze (D:2)
  2 worms (D:2)
  2 dart slugs (D:2)
  A leopard gecko (D:2)
  3 orcs (D:4)
  8 bats
  5 giant cockroaches
  10 goblins
  8 hobgoblins
  7 jackals
  2 ball pythons
  3 frilled lizards
  A goblin skeleton (D:4)
  3 goblin zombies (D:4)
  3 hobgoblin zombies (D:4)
  4 kobolds
  A kobold skeleton (D:4)
  An orc zombie (D:4)
  6 rats
91 creatures vanquished.

Notes
Turn   | Place    | Note
-------+----------+-------------------------------------------
     0 | D:1      | Borgoz the Gargoyle Gladiator began the quest for the Orb.
     0 | D:1      | Reached XP level 1. HP: 12/12 MP: 1/1
   210 | D:1      | Reached XP level 2. HP: 15/18 MP: 2/2
   548 | D:1      | Reached XP level 3. HP: 20/22 MP: 3/3
   824 | D:2      | Reached skill level 1 in Armour
  1363 | D:2      | Reached XP level 4. HP: 27/27 MP: 4/4
  1961 | D:3      | Reached XP level 5. HP: 25/32 MP: 5/5
  2049 | D:3      | Found an ancient bone altar of Kikubaaqudgha.
  2169 | D:3      | Found a hide-covered altar of Uskayaw.
  2173 | D:3      | Noticed a +0 dagger
  2173 | D:3      | Noticed a +0 dagger
  2256 | D:3      | Found a hazy altar of Hepliaklqana.
  2316 | D:3      | Found a burning altar of Makhleb.
  2541 | D:3      | Reached XP level 6. HP: 7/37 MP: 6/6
  3197 | D:4      | Found a glowing golden altar of the Shining One.
  3355 | D:4      | Mangled by an ogre

Illustrated notes

Levels and vault maps discovered:
D:1:      saegor_arrival_miasma, layout_rooms, serial_aquarium,
          aquarium_bridge_island_large [aquarium_subvault_large_water,
          aquarium_subvault_bridge, aquarium_subvault_bridge,
          aquarium_subvault_bridge, aquarium_subvault_wall],
          aquarium_bridge_square [aquarium_subvault_wall,
          aquarium_subvault_bridge, aquarium_subvault_wall,
          aquarium_subvault_window], aquarium_window_corridor_2,
          aquarium_window_2, aquarium_view_2b
D:2:      minmay_skewed_foursquare, layout_basic, minmay_pentomino_u4
D:3:      layout_rooms, nzn_hepliaklqana_mist_gate, makhleb_blood_cavern_becter,
          old_standard_altar, dancing_weapons_uskayaw, glass_columns_b
D:4:      layout_rooms, hangedman_abyss_or_decor_slice,
          nicolae_tso_besieged_by_evil

Skill      XL: |  1  2  3  4  5  6 |
---------------+-------------------+-----
Armour         | 1 2 |  2.7
Dodging        | 3 4 |  4.0
Maces & Flails | 4 |  4.9
Fighting       | 3 |  3.7
Throwing       | |  1.7

Action                   |  1- 3 |  4- 6 || total
-------------------------+-------+-------++-------
Melee: Flail             |   128 |   246 ||   374
Throw: Throwing net      |     3 |     2 ||     5
 Stab: Held in net/web   |       |     1 ||     1
Armor: Leather armour    |    71 |    21 ||    92
       Ring mail         |       |   102 ||   102
Dodge: Dodged            |   126 |   206 ||   332
